 Dungeon Crawl Stone Soup version 0.21.0 (webtiles) character file.

49033 wojtek the Pandemonic (level 14, -15/127 HPs)
             Began as a Minotaur Fighter on Jan 6, 2018.
             Was a High Priest of Makhleb.
             Blown up by a cacodemon (43 damage)
             ... with a bolt of energy
             ... summoned by the player character
             ... on level 12 of the Dungeon.
             The game lasted 00:38:50 (18973 turns).

wojtek the Pandemonic (Minotaur Fighter)           Turns: 18973, Time: 00:38:51

Health: -15/127    AC: 19    Str: 25    XL:     14   Next: 14%
Magic:  32/32      EV: 13    Int:  1    God:    Makhleb [*****.]
Gold:   1155       SH: 11    Dex: 14    Spells: 13/13 levels left

rFire    + . .     SeeInvis .   S - +8 rapier "Spider's Undoing" {flame, rElec MP+9}
rCold    . . .     Gourm    .   c - +1 shield
rNeg     . . .     Faith    .   R - +0 plate armour
rPois    .         Spirit   .   (helmet restricted)
rElec    +         Reflect  .   (no cloak)
rCorr    .         Harm     .   Y - +2 pair of gloves
MR       +....     Clarity  +   (no boots)
Stlth    ..........             P - amulet of the Modern Eyes {RegenMP Slay+5}
HPRegen  0.31/turn              t - ring of protection from fire
MPRegen  0.48/turn              Z - +3 ring of dexterity

@: no status effects
A: retaliatory headbutt, horns 2, talons 1, repulsion field 1, clarity, dopey 2
a: Minor Destruction, Lesser Servant of Makhleb, Major Destruction, Greater
Servant of Makhleb, Renounce Religion


You were on level 12 of the Dungeon.
You worshipped Makhleb.
Makhleb was extremely pleased with you.
You were not hungry.

You visited 3 branches of the dungeon, and saw 19 of its levels.
You also visited: Sewer and Ossuary.

You collected 1155 gold pieces.

Inventory:

Hand Weapons
 a - a +0 war axe
 I - a +0 battleaxe
 M - a +2 battleaxe
 S - the +8 rapier "Spider's Undoing" (weapon) {flame, rElec MP+9}
   (You found it on level 10 of the Dungeon)

   It has been specially enchanted to burn those struck by it, causing extra
   injury to most foes and up to half again as much damage against particularly
   susceptible opponents.
   It insulates you from electricity.
   It affects your magic capacity (+9).
Missiles
 L - a throwing net (quivered)
Armour
 c - a +1 shield (worn)
 x - a +3 ring mail of cold resistance
 G - +0 fire dragon scales
 R - a +0 plate armour (worn)
 Y - a +2 pair of gloves (worn)
Jewellery
 e - an uncursed ring of fire
 t - a ring of protection from fire (left hand)
 P - the amulet of the Modern Eyes (around neck) {RegenMP Slay+5}
   (You found it on level 9 of the Dungeon)

   [amulet of magic regeneration]

   It increases your magic regeneration.
   It affects your accuracy and damage with ranged weapons and melee attacks
   (+5).
 Z - a +3 ring of dexterity (right hand)
Wands
 l - a wand of scattershot (7)
 r - a wand of disintegration (39)
 s - a wand of enslavement (16)
 Q - a wand of flame (58)
 W - a wand of acid (23)
Scrolls
 h - 10 scrolls of identify
 j - 3 scrolls of fear
 k - 3 scrolls of immolation
 m - 6 scrolls of amnesia
 u - 6 scrolls of enchant armour
 w - 2 scrolls of teleportation
 y - 3 scrolls of fog
 D - a scroll of vulnerability {unknown}
 E - 5 scrolls of magic mapping
 J - 4 scrolls of remove curse
 K - 2 scrolls of noise {unknown}
 O - 2 scrolls of blinking {unknown}
 V - 4 scrolls of enchant weapon {unknown}
Potions
 b - a potion of invisibility {unknown}
 d - 6 potions of might
 g - 2 potions of mutation
 i - 11 potions of curing
 n - 2 potions of lignification {unknown}
 o - 2 potions of resistance
 q - 2 potions of magic {unknown}
 v - 2 potions of brilliance {unknown}
 z - a potion of ambrosia {unknown}
 A - 2 potions of flight
 B - 4 potions of heal wounds
 C - 2 potions of haste
 F - a potion of cancellation {unknown}
 H - a potion of berserk rage {unknown}
 U - 3 potions of agility
Comestibles
 f - 40 rations
 p - 5 chunks of flesh


   Skills:
 + Level 12.8 Fighting
 - Level 12.4 Axes
 + Level 12.7 Armour
 + Level 11.2 Dodging
 - Level 4.2 Shields
 * Level 13.5 Invocations


You had 13 spell levels left.
You didn't know any spells.

Dungeon Overview and Level Annotations

Branches:
Dungeon (12/15)            Temple (1/1) D:4            Lair (6/6) D:10
 Shoals (0/4) Lair:2       Spider (0/4) Lair:2        Slime (0/5) Lair:5
    Orc (0/2) D:10

Altars:
Ashenzari
Cheibriados
Dithmenos
Elyvilon
Fedhas
Gozag
Hepliaklqana
Kikubaaqudgha
Makhleb
Nemelex Xobeh
Okawaru
Qazlal
Ru
Sif Muna
Trog
Uskayaw
Vehumet
Wu Jian
Xom
Yredelemnul
Zin
The Shining One

Shops:
D:8 *

Annotations:
D:5 2 transporters


Innate Abilities, Weirdness & Mutations

You reflexively headbutt those who attack you in melee.
You have a pair of horns on your head.
You have sharp toenails.
You are surrounded by a mild repulsion field. (EV +2)
You possess an exceptional clarity of mind.
You are very dopey. (Int -4)


Message History

You block Snorg's attack. Snorg claws you but does no damage.
Snorg closely misses you. You block Snorg's attack. Snorg misses you.
You closely miss Snorg. You claw Snorg!
You kill Snorg!
Makhleb accepts your kill.
The cacodemon hits you but does no damage. x2
A cacodemon is nearby!
A cacodemon is nearby!
You completely miss the cacodemon.
You claw the cacodemon, but do no damage.
You headbutt the cacodemon, but do no damage.
The cacodemon gestures at you.
Strange energies course through your body.
You feel stupid.
You puncture the cacodemon! You burn the cacodemon.
Your kick misses the cacodemon.
The cacodemon is lightly wounded.
The cacodemon gestures at you. The bolt of energy hits you!
You die...

#..........#
+..........#
#..........#
#.#####....# #.#
#....######## ..#
#.†.........## ...#
#............. .....
#.......)..... ...
#.....@......#
.....#####....2.......#
.................>....#
...####################


You could see a cacodemon.

Vanquished Creatures
  Snorg (D:12)
  5 hydras
  A catoblepas (Lair:5)
  3 two-headed ogres
  Nergalle (Lair:3)
  An unseen horror (D:11)
  Pikel (D:5)
  The ghost of ahub the Slasher, a novice MiBe of Trog (D:6)
  17 elephants
  6 black mambas
  2 merfolk sirens (Lair:2)
  2 molten gargoyles (Lair:6)
  13 spiny frogs
  A gargoyle (D:11)
  A rime drake (Lair:6)
  7 komodo dragons
  A hornet (D:11)
  15 blink frogs
  11 hippogriffs
  37 yaks
  2 wraiths (D:11)
  9 basilisks
  Grum (D:8)
  An acid dragon (D:11)
  2 hell hounds (Lair:6)
  14 water moccasins
  2 slaves
  13 porcupines
  3 ice beasts
  3 sky beasts
  2 black bears (D:10)
  A hornet zombie (D:9)
  3 orc warriors
  A phantom (D:6)
  2 eyes of draining
  The ghost of Rjs the Charmwright, an amateur GnSk (D:3)
  10 wolves
  A necrophage (D:11)
  11 ogres
  12 centaurs
  12 crocodiles
  3 big kobolds
  7 elf zombies (Ossuary)
  10 bullfrogs
  2 gnoll sergeants (D:9)
  A killer bee (D:10)
  10 wights (D:11)
  An electric eel (D:10)
  5 howler monkeys (D:11)
  3 crimson imps
  A bullfrog zombie (D:8)
  3 lava snakes (Lair:6)
  9 hounds
  2 quasits
  2 jellies
  2 orc priests
  2 centaur zombies
  4 human zombies (Ossuary)
  3 orc wizards
  3 centaur skeletons
  2 bullfrog skeletons
  Ijyb (D:4)
  4 iguanas
  10 worker ants
  A killer bee zombie (D:6)
  2 hound skeletons
  3 mummies (Ossuary)
  A worker ant zombie (D:7)
  7 gnolls (D:9)
  9 adders
  A howler monkey skeleton (D:9)
  2 river rats
  3 shadow imps
  2 oozes
  An adder skeleton (D:4)
  A dart slug (D:2)
  7 leopard geckos
  22 orcs
  7 bats
  6 giant cockroaches
  9 hobgoblins
  17 jackals
  22 kobolds
  6 quokkas
  3 ball pythons
  4 frilled lizards
  4 goblins
  A quokka skeleton (D:7)
  12 rats
  A fungus (Lair:1)
  7 plants
484 creatures vanquished.

Vanquished Creatures (collateral kills)
  A fire dragon (Lair:6)
  A hydra (Lair:4)
  A fire crab (Lair:6)
  An oklob plant (Lair:1)
  A black mamba (Lair:6)
  2 steam dragons (Lair:6)
  2 hell hounds (Lair:6)
  2 lava snakes (Lair:6)
11 creatures vanquished.

Vanquished Creatures (others)
  9 fungi
  4 plants (Lair:4)
13 creatures vanquished.

Grand Total: 508 creatures vanquished

Notes
Turn   | Place    | Note
-------+----------+-------------------------------------------
     0 | D:1      | wojtek the Minotaur Fighter began the quest for the Orb.
     0 | D:1      | Reached XP level 1. HP: 19/19 MP: 0/0
   139 | D:1      | Reached XP level 2. HP: 26/27 MP: 1/1
   641 | D:2      | Reached XP level 3. HP: 33/33 MP: 2/2
   939 | D:2      | Found a sacrificial altar of Ru.
  1257 | D:2      | Reached XP level 4. HP: 40/40 MP: 3/3
  1550 | D:3      | Noticed Rjs's ghost (amateur GnSk)
  1558 | D:3      | Killed Rjs's ghost
  1558 | D:3      | Reached skill level 1 in Dodging
  1558 | D:3      | Reached XP level 5. HP: 41/47 MP: 4/4
  1601 | D:3      | Found a glowing golden altar of the Shining One.
  2190 | D:4      | Reached skill level 5 in Axes
  2191 | D:4      | Noticed an ogre
  2194 | D:4      | Gained mutation: You have sharp toenails. [potion of mutation]
  2194 | D:4      | Gained mutation: You possess an exceptional clarity of mind. [potion of mutation]
  2194 | D:4      | Gained mutation: You are dopey. (Int -2) [potion of mutation]
  2194 | D:4      | Gained mutation: You are surrounded by a mild repulsion field. (EV +2) [potion of mutation]
  2196 | D:4      | HP: 2/47 [poisoned by a worker ant]
  2227 | D:3      | Killed an ogre
  2227 | D:3      | Reached XP level 6. HP: 19/55 MP: 5/5
  2467 | D:4      | Reached skill level 5 in Fighting
  2467 | D:4      | Reached skill level 5 in Armour
  2672 | D:4      | Found a radiant altar of Vehumet.
  3295 | D:4      | Reached XP level 7. HP: 61/61 MP: 6/6
  3371 | D:4      | Noticed Ijyb
  3380 | D:4      | Killed Ijyb
  3578 | D:4      | Found a staircase to the Ecumenical Temple.
  3585 | Temple   | Entered the Ecumenical Temple
  3731 | Temple   | Became a worshipper of Makhleb the Destroyer
  3947 | D:5      | Entered Level 5 of the Dungeon
  4065 | D:5      | Found a glowing drain.
  4069 | Sewer    | Entered a sewer
  4081 | Sewer    | Reached skill level 1 in Invocations
  4176 | Sewer    | Reached * piety under Makhleb
  4195 | Sewer    | Found a white marble altar of Elyvilon.
  4344 | D:5      | Found a transporter.
  4344 | D:5      | Noticed a gargoyle
  4346 | D:5      | Found a sparkling altar of Nemelex Xobeh.
  4348 | D:5      | Found an ornate altar of the Wu Jian Council.
  4403 | D:5      | Found a transporter.
  4625 | D:5      | Reached skill level 2 in Invocations
  4626 | D:5      | Reached XP level 8. HP: 70/70 MP: 8/8
  5066 | D:6      | Noticed ahub's ghost (novice MiBe)
  5112 | D:6      | Noticed Pikel
  5148 | D:5      | Killed Pikel
  5148 | D:5      | Reached skill level 3 in Invocations
  5293 | D:6      | Reached skill level 4 in Invocations
  5513 | D:6      | Killed ahub's ghost
  5513 | D:6      | Reached XP level 9. HP: 34/78 MP: 11/11
  5745 | D:6      | Reached skill level 5 in Invocations
  5936 | D:7      | Reached ** piety under Makhleb
  5939 | D:7      | Found a bloodstained altar of Trog.
  6033 | D:7      | Found a sand-covered staircase.
  6054 | Ossuary  | Entered an ossuary
  6081 | Ossuary  | Reached skill level 5 in Dodging
  6996 | D:8      | Reached skill level 6 in Invocations
  7093 | D:8      | Found Icimaria's Assorted Antiques.
  7160 | D:8      | Noticed Grum
  7169 | D:8      | Killed Grum
  7169 | D:8      | Reached *** piety under Makhleb
  7169 | D:8      | Reached skill level 10 in Axes
  7170 | D:8      | Reached XP level 10. HP: 78/88 MP: 13/13
  7467 | D:8      | Found a stormy altar of Qazlal.
  7487 | D:8      | Noticed a two-headed ogre
  7497 | D:8      | Killed a two-headed ogre
  7807 | D:8      | Noticed a dagger
  7808 | D:8      | Found a hide-covered altar of Uskayaw.
  7808 | D:8      | Noticed a dagger
  8081 | D:9      | Reached skill level 7 in Invocations
  8430 | D:9      | Got a heavily runed pewter amulet
  8946 | D:9      | Reached **** piety under Makhleb
  9202 | D:10     | Entered Level 10 of the Dungeon
  9280 | D:10     | Got a translucent rapier
  9340 | D:10     | Noticed a two-headed ogre
  9348 | D:10     | Killed a two-headed ogre
  9348 | D:10     | Reached skill level 8 in Invocations
  9348 | D:10     | Reached XP level 11. HP: 58/95 MP: 14/16
  9511 | D:10     | Found a staircase to the Orcish Mines.
  9535 | D:10     | Found a staircase to the Lair.
 10464 | D:10     | Found an iron altar of Okawaru.
 10852 | Lair:1   | Entered Level 1 of the Lair of Beasts
 10937 | Lair:1   | Found a glowing golden altar of the Shining One.
 11130 | Lair:1   | Noticed a seven-headed hydra
 11155 | Lair:1   | Killed a seven-headed hydra
 11161 | Lair:1   | Got a translucent whip
 11209 | Lair:1   | Noticed an oklob plant
 11241 | Lair:1   | Killed an oklob plant
 11840 | Lair:2   | Reached skill level 9 in Invocations
 12074 | Lair:2   | Found a hole to the Spider Nest.
 12135 | Lair:2   | Identified the amulet of the Modern Eyes {RegenMP Slay+5} (You found it on level 9 of the Dungeon)
 12140 | Lair:2   | Identified the +8 rapier "Spider's Undoing" {flame, rElec MP+9} (You found it on level 10 of the Dungeon)
 12141 | Lair:2   | Identified the +5 whip of Valour {venom, MR+} (You found it on level 1 of the Lair of Beasts)
 12440 | Lair:2   | Found a staircase to the Shoals.
 12855 | Lair:3   | Reached skill level 10 in Fighting
 12868 | Lair:3   | Reached skill level 10 in Armour
 12886 | Lair:3   | Reached XP level 12. HP: 106/106 MP: 18/18
 12947 | Lair:3   | Noticed Nergalle
 12958 | Lair:3   | Killed Nergalle
 13130 | Lair:3   | Reached skill level 10 in Invocations
 14088 | Lair:4   | Noticed a six-headed hydra
 14096 | Lair:4   | Killed a six-headed hydra
 14096 | Lair:4   | Reached skill level 11 in Invocations
 15647 | Lair:5   | Noticed a catoblepas
 15655 | Lair:5   | Killed a catoblepas
 15655 | Lair:5   | Reached XP level 13. HP: 116/116 MP: 20/20
 15808 | Lair:5   | Found a staircase to the Slime Pits.
 16229 | Lair:6   | Entered Level 6 of the Lair of Beasts
 16245 | Lair:5   | Reached ***** piety under Makhleb
 16272 | Lair:6   | Reached skill level 10 in Dodging
 16272 | Lair:6   | Reached skill level 12 in Invocations
 16754 | Lair:6   | Noticed a fire dragon
 16758 | Lair:6   | Found a large runed door.
 16758 | Lair:6   | Found a large runed door.
 16780 | Lair:6   | Killed a fire dragon
 17246 | Lair:6   | Reached skill level 13 in Invocations
 18178 | D:11     | Reached XP level 14. HP: 127/127 MP: 22/22
 18250 | D:11     | Reached ****** piety under Makhleb
 18952 | D:12     | Noticed Snorg
 18958 | D:12     | Noticed a cacodemon
 18971 | D:12     | Killed Snorg
 18972 | D:12     | Gained mutation: You are very dopey. (Int -4) [a cacodemon]
 18973 | D:12     | Blown up by a cacodemon

Skill      XL: |  1  2  3  4  5  6  7  8  9 10 11 12 13 |
---------------+----------------------------------------+-----
Axes           | 3 4 5 6 7 8 10 11 12 | 12.4
Fighting       | 4 5 6 7 8 10 11 12 | 12.8
Shields        | 4 |  4.2
Armour         | 4 5 6 7 8 10 11 12 | 12.7
Dodging        | 1 2 3 4 5 6 8 9 11 | 11.2
Invocations    | 2 4 6 8 9 11 13 | 13.5

Action                   |  1- 3 |  4- 6 |  7- 9 | 10-12 | 13-15 || total
-------------------------+-------+-------+-------+-------+-------++-------
Melee: War axe           |    82 |    79 |   359 |   361 |       ||   881
       Headbutt          |    11 |     8 |    58 |   125 |    87 ||   289
       Kick              |       |     7 |   104 |   224 |   135 ||   470
       Rapier            |       |       |       |   216 |   323 ||   539
       Whip              |       |       |       |    23 |       ||    23
Invok: Lesser Servant of |       |       |       |    10 |       ||    10
       Minor Destruction |       |       |       |     4 |     5 ||     9
       Major Destruction |       |       |       |     2 |     8 ||    10
       Greater Servant o |       |       |       |       |     3 ||     3
Evoke: Wand              |       |       |       |     1 |     1 ||     2
  Use: Potion            |       |     2 |       |     3 |     2 ||     7
       Scroll            |       |       |     8 |     4 |     3 ||    15
 Stab: Distracted        |       |       |       |       |     1 ||     1
  Eat: Chunk             |     1 |     6 |    14 |    24 |    11 ||    56
       Ration            |       |       |       |     1 |       ||     1
Armor: Scale mail        |    28 |    20 |       |       |       ||    48
       Chain mail        |       |     2 |   132 |    63 |       ||   197
       Plate armour      |       |       |       |   238 |   190 ||   428
Dodge: Dodged            |    32 |    25 |   114 |   263 |   231 ||   665
Block: Shield            |    58 |    39 |   182 |   306 |   258 ||   843
